 Dungeon Crawl Stone Soup version 0.26.0-18-gc5c842f807 (webtiles) character file.

Game seed: 10571599267813798443

245 thiole the Sneak (level 6, -3/37 HPs)
             Began as an Octopode Hedge Wizard on Jan 22, 2021.
             Slain by a worker ant (7 damage)
             ... on level 4 of the Dungeon.
             The game lasted 00:07:14 (4971 turns).

thiole the Sneak (Octopode Hedge Wizard)            Turns: 4971, Time: 00:07:15

Health: -3/37      AC:  1    Str:  9    XL:     6   Next: 10%
Magic:  9/11       EV: 13    Int: 18    God:
Gold:   188        SH:  0    Dex: 12    Spells: 4/12 levels left

rFire    + . .     SeeInvis .   a - +0 dagger
rCold    . . .     Faith    .   (no shield)
rNeg     . . .     Spirit   .   b - +0 hat
rPois    .         Reflect  .   (no amulet)
rElec    .         Harm     .   e - ring of protection from fire
rCorr    .         Rampage  .   (no ring)
Will     .....                  (no ring)
Stlth    ++++......             (no ring)
HPRegen  0.12/turn              (no ring)
MPRegen  0.12/turn              (no ring)
                                (no ring)
                                (no ring)

@: lethally poisoned (-3 -> -30)
A: almost no armour, stealthy swim, amphibious, 8 rings, constrict 8, camouflage
1, gelatinous body 1
a: no special abilities


You were on level 4 of the Dungeon.
You visited 1 branch of the dungeon, and saw 5 of its levels.

You collected 188 gold pieces.

Inventory:

Hand Weapons
 a - a +0 dagger (weapon)
 p - a cursed -2 scythe
Armour
 b - a +0 hat (worn)
 q - a +0 kite shield
Jewellery
 e - a ring of protection from fire (left tentacle)
 h - a +6 ring of intelligence {unknown}
Wands
 j - a wand of polymorph (12)
 o - a wand of disintegration (16)
Scrolls
 i - a scroll of blinking {unknown}
 l - a scroll of magic mapping {unknown}
 n - a scroll of teleportation {unknown}
Potions
 c - a potion of attraction {unknown}
 d - a potion of heal wounds {unknown}
 f - a potion of haste {unknown}
 g - a potion of magic {unknown}
 k - a potion of brilliance {unknown}
 m - a potion of degeneration {unknown}


   Skills:
 + Level 0.4 Fighting
 - Level 2.0 Dodging
 + Level 4.8 Stealth
 + Level 3.8 Spellcasting
 - Level 2.0 Conjurations
 - Level 2.0 Summonings
 - Level 1.0 Translocations
 * Level 2.5 Air Magic
 + Level 2.0 Poison Magic


You had 4 spell levels left.
You knew the following spells:

 Your Spells              Type           Power        Failure   Level
a - Magic Dart            Conj           40%          7%          1
b - Call Imp              Summ           10%          10%         2
c - Slow                  Hex            3%           22%         2
d - Mephitic Cloud        Conj/Pois/Air  11%          19%         3

Your spell library contained the following spells:

 Spells                   Type           Power        Failure   Level
 Summon Small Mammal      Summ           40%          7%          1
 Apportation              Tloc           14%          10%         1
 Animate Skeleton         Necr           6%           16%         1
 Corona                   Hex            3%           16%         1
 Blink                    Tloc           N/A          16%         2
 Conjure Flame            Conj/Fire      7%           30%         3


Dungeon Overview and Level Annotations

Branches:
Dungeon (5/15)
 Temple: D:4-7

Altars:
Fedhas
The Shining One

Annotations:
D:5 Dowan, Duvessa, Edmund


Innate Abilities, Weirdness & Mutations

You cannot wear most types of armour.
You are very stealthy in the water. (Stealth+)
You are amphibious.
You can wear up to eight rings at the same time.
You can use your tentacles to constrict eight enemies at once.
Your skin changes colour to match your surroundings (Stealth+).
Your rubbery body absorbs attacks. (AC +1, EV +1)


Message History

The worker ant is heavily wounded.
You constrict the worker ant, but do no damage.
You feel sick. The worker ant bites you.
* * * LOW HITPOINT WARNING * * *
You are more poisoned.
The worker ant poisons you!
You hit the worker ant but do no damage.
The worker ant is heavily wounded.
You constrict the worker ant.
* * * LOW HITPOINT WARNING * * *
You feel sick. The worker ant bites you.
* * * LOW HITPOINT WARNING * * *
You are more poisoned.
The worker ant poisons you!
You hit the worker ant but do no damage.
The worker ant is severely wounded.
You constrict the worker ant.
* * * LOW HITPOINT WARNING * * *
You feel sick. The worker ant bites you!
You die...

#.......# #.......#
###...### #...# ##.####
#.##.. #.##.#
###############.##.#
#..@.........>......
#....B#######.........#
#..... #.####.####
#?.... #.# #.# .......
#.# #.# ....... #.# #.#
####.## #.# #.# #. #.#
#.. ..# ###


You could see a worker ant.

Vanquished Creatures
  A hound (D:4)
  A centaur skeleton (D:4)
  An iguana (D:4)
  3 worker ants
  An adder (D:3)
  2 oozes (D:2)
  2 dart slugs
  2 leopard geckos
  2 giant cockroaches
  12 goblins
  7 hobgoblins
  3 jackals (D:2)
  9 kobolds
  A quokka (D:2)
  A ball python (D:2)
  9 bats
  2 frilled lizards
  7 rats
66 creatures vanquished.

Vanquished Creatures (collateral kills)
  A gnoll (D:4)
1 creature vanquished.

Grand Total: 67 creatures vanquished

Notes
Turn   | Place    | Note
-------+----------+-------------------------------------------
     0 | D:1      | thiole the Octopode Hedge Wizard began the quest for the
                  | Orb.
     0 | D:1      | Reached XP level 1. HP: 11/11 MP: 4/4
   147 | D:1      | Reached XP level 2. HP: 16/17 MP: 0/6
   267 | D:1      | Reached skill level 3 in Stealth
   968 | D:1      | Learned a level 2 spell: Call Imp
   971 | D:1      | Learned a level 2 spell: Slow
   988 | D:1      | Reached XP level 3. HP: 21/21 MP: 4/7
  1064 | D:1      | You fall into a shaft and drop 1 floor!
  1075 | D:2      | Found a glowing golden altar of the Shining One.
  2087 | D:2      | Reached XP level 4. HP: 27/27 MP: 5/9
  2201 | D:2      | Learned a level 3 spell: Mephitic Cloud
  2730 | D:2      | Reached skill level 4 in Stealth
  3097 | D:3      | Found a blossoming altar of Fedhas.
  3512 | D:4      | Noticed an ogre
  3572 | D:3      | Reached skill level 1 in Air Magic
  3693 | D:5      | Entered Level 5 of the Dungeon
  3709 | D:5      | Reached skill level 1 in Poison Magic
  3709 | D:5      | Reached XP level 5. HP: 2/31 MP: 2/10
  3959 | D:5      | Noticed Duvessa
  3959 | D:5      | Noticed Dowan
  3974 | D:5      | Noticed Edmund
  4049 | D:5      | Noticed Edmund
  4049 | D:5      | Edmund changed into Edmund the swamp drake
  4775 | D:4      | Reached XP level 6. HP: 17/37 MP: 5/11
  4971 | D:4      | Slain by a worker ant

Illustrated notes

Levels and vault maps discovered:
D:1:      scummos_arrival_forest, layout_basic
D:2:      layout_basic, serial_co_window_serial, co_window_of_opportunity_a,
          co_window_paths_a, co_window_corner_a, co_window_paths_b,
          co_window_corner_a, co_window_corner_ca, co_window_of_opportunity_b,
          co_window_corner_cb, co_window_4corner_b, co_window_4corner_a,
          glass_columns_a, glass_columns_a, glass_columns_c, glass_columns_c,
          minmay_misc_feat_five, nicolae_tso_carved_into_rock
D:3:      layout_rooms, fedhas_altar_1
D:4:      layout_loops_ring, minmay_temple_entry_crystal_x
D:5:      layout_basic, uniq_duvessa, uniq_edmund

Skill      XL: |  1  2  3  4  5 |
---------------+----------------+-----
Stealth        | 3 4 |  4.8
Conjurations   | 2 |  2.0
Summonings     | 2 |  2.0
Air Magic      | 1 2 |  2.5
Poison Magic   | 1 2 |  2.0
Fighting       | |  0.4
Dodging        | |  2.0
Spellcasting   | |  3.8
Translocations | |  1.0

Action                   |  1- 3 |  4- 6 || total
-------------------------+-------+-------++-------
Melee: Dagger            |    27 |    66 ||    93
       Constrict         |     5 |    14 ||    19
       Tentacles         |     1 |     9 ||    10
 Cast: Magic Dart        |    99 |    49 ||   148
       Call Imp          |       |     8 ||     8
Evoke: Wand              |       |     1 ||     1
  Use: Scroll            |       |     3 ||     3
       Potion            |       |     3 ||     3
 Stab: Sleeping          |     1 |     2 ||     3
       Distracted        |       |     1 ||     1
Armor: Skin              |     2 |     1 ||     3
Dodge: Dodged            |    25 |    34 ||    59
